Map: Orbital Shipyard

Players

Sunshine

  • Race: Zerg Zerg

Bop - Winner!

  • Race: Protoss Protoss

VOD

Have the link to the VOD?

Description

Time

  • Played on: May 6, 2015, 2:38 a.m.
  • Length: 6:03
Show
View Real Time Build Order
Export as new Build Order

Sunshine Zerg 

Build Orders: 3 Hatch before Pool 

Get SALT Encoding   

  12  0:01  Drone  
  13  0:13  Overlord  
  13  0:20  Drone  
  14  0:31  Drone x2  
  14  0:35  Drone  
  17  0:46  Drone  
  18  0:58  Hatchery, Drone  
  18  1:07  Drone  
  19  1:22  Hatchery  
  19  1:25  Drone  
  19  1:29  Drone  
  20  1:42  Spawning Pool  
  20  1:43  Drone  
  20  1:48  Extractor  
  20  1:51  Drone  
  20  2:05  Overlord  
  20  2:16  Drone  
  21  2:34  Queen x2  
  21  2:35  Queen  
  27  2:37  Zergling x4  
  27  2:39  Drone x2  
  27  2:40  Drone  
  32  2:54  Metabolic Boost  
  32  2:57  Drone x3  
  32  2:58  Drone  
  36  3:09  Overlord  
  36  3:11  Drone, Queen  
  39  3:29  Zergling x6  
  38  4:02  Overlord x2  
  37  4:03  Drone  
  37  4:04  Drone x6  
  41  4:27  Drone x3  
  41  4:28  Drone  
  41  4:29  Drone  
  46  4:31  Extractor  
  46  4:32  Overlord  
  46  4:34  Roach Warren  
  46  4:35  Zergling x2  
  46  4:36  Zergling x6  
  47  4:43  Zergling x12  
  47  4:44  Zergling x6  
  48  5:09  Zergling x2  
  48  5:10  Zergling x10  
  52  5:20  Zergling x2  
  52  5:21  Zergling x10  
  52  5:24  Zergling x14  
  52  5:26  Queen  
  48  5:49  Extractor  
  43  5:51  Extractor  
Show
View Real Time Build Order
Export as new Build Order

Bop Protoss - Winner!

Build Orders: Nexus First, Mass Adepts 

Get SALT Encoding   

  12  0:01  Probe  
  13  0:13  Probe  
  14  0:40  Nexus  
  14  0:51  Pylon  
  14  1:09  Probe (Chrono Boost)  
  14  1:10  Gateway  
  15  1:21  Probe (Chrono Boost), Assimilator  
  16  1:27  Probe (Chrono Boost)  
  16  1:32  Pylon  
  17  1:37  Probe (Chrono Boost)  
  18  1:44  Probe (Chrono Boost)  
  19  1:55  Probe (Chrono Boost)  
  19  2:00  Cybernetics Core  
  20  2:07  Probe (Chrono Boost)  
  22  2:09  Probe (Chrono Boost)  
  22  2:18  Gateway, Probe x2 (Chrono Boost)  
  24  2:28  Probe (Chrono Boost)  
  24  2:29  Probe (Chrono Boost)  
  27  2:38  Probe x2 (Chrono Boost), Adept (Chrono Boost), Warp Gate (Chrono Boost)  
  30  2:45  Probe  
  30  2:46  Probe  
  32  2:53  Pylon  
  32  2:57  Probe  
  33  2:58  Probe  
  36  3:09  Adept (Chrono Boost)  
  36  3:10  Probe, Adept (Chrono Boost)  
  36  3:11  Probe  
  40  3:18  Gateway  
  40  3:21  Gateway  
  42  3:27  Probe x2  
  42  3:30  Pylon  
  44  3:41  Probe x2  
  44  3:52  Pylon  
  44  3:53  Probe  
  43  3:57  Gateway x2  
  43  3:58  Pylon  
  41  4:24  Pylon  
  41  4:27  Pylon  
  41  4:29  Gateway  
  41  4:30  Gateway, Adept x4  
  49  4:43  Pylon  
  49  4:48  Adept x2  
  49  4:49  Adept  
  55  4:57  Adept x2  
  55  4:58  Adept  
  53  5:10  Adept  
  53  5:11  Adept x2  
  53  5:12  Probe (Chrono Boost)  
  53  5:13  Probe (Chrono Boost)  
  61  5:18  Adept  
  61  5:19  Adept x2  
  66  5:22  Probe (Chrono Boost)  
  66  5:23  Probe (Chrono Boost)  
  63  5:33  Adept x3  
  63  5:34  Zealot x2  
  63  5:35  Probe x2  
  73  5:37  Assimilator  
  73  5:38  Assimilator  
  73  5:39  Assimilator  
  73  5:40  Pylon  
  73  5:42  Pylon  
  69  5:46  Adept x2  
  59  6:02  Adept x2  
Tags
 
Add a new tag
Caveats
  • Supply blocks, unpowered buildings, or Contaminate may cause inaccurate times.
  • Supply counts are checked every 10 seconds.